 Dungeon Crawl Stone Soup version 0.30.1-1-g62c8e00024 (webtiles) character file.

Game seed: 6636269209549619262

90 H0rd4k the Charlatan (level 4, -2/29 HPs)
             Began as an Octopode Artificer on July 17, 2023.
             Killed by nerve-wracking pain
             ... invoked by a shadow imp
              (14 damage)
             ... on level 3 of the Dungeon.
             The game lasted 00:02:01 (1949 turns).

H0rd4k the Charlatan (Octopode Artificer)           Turns: 1949, Time: 00:02:02

Health: -2/29      AC:  1    Str: 11    XL:     4   Next: 56%
Magic:  4/4        EV: 13    Int: 15    God:
Gold:   70         SH:  0    Dex: 12    Spells: 3/3 levels left

rFire   . .          .
                       - Unarmed
rCold   . . .        (no shield)
rNeg    . . .        (helmet restricted)
rPois   .            i - amulet of magic regeneration
rElec   .            (no ring)
rCorr   .            (no ring)
SInv    .            (no ring)
Will    .....        (no ring)
Stlth   +++          (no ring)
HPRegen 0.24/turn    (no ring)
MPRegen 0.49/turn    (no ring)
                     (no ring)

%: no passive effects
@: no status effects
A: almost no armour, amphibious, 8 rings, camouflage 1, gelatinous body 1,
(nimble swimmer 1), tentacles
a: no special abilities


You were on level 3 of the Dungeon.
You visited 1 branch of the dungeon, and saw 3 of its levels.

You collected 70 gold pieces.

Inventory:

Missiles
 j - 2 throwing nets
Jewellery
 e - an amulet of the acrobat
 i - an amulet of magic regeneration (around mantle)
Wands
 b - a wand of flame (15) (quivered)
 c - a wand of charming (13)
 d - a wand of iceblast (4)
Scrolls
 a - 4 scrolls of identify {unknown}
 g - a scroll of fear {unknown}
Potions
 f - 2 potions of lignification {unknown}
 h - 2 potions of heal wounds {unknown}
 k - a potion of flight {unknown}


   Skills:
 + Level 1.8 Fighting
 + Level 3.0 Dodging
 + Level 3.1 Stealth
 + Level 1.2 Unarmed Combat
 + Level 4.0 Evocations


You had 3 spell levels left.
You didn't know any spells.
Your spell library contained the following spells:

 Spells                   Type           Power      Damage    Failure   Level
 Gell's Gravitas          Tloc           0%         N/A       63%         3
 Teleport Other           Tloc           0%         N/A       63%         3
 Dispersal                Tloc           0%         N/A       100%        6


Dungeon Overview and Level Annotations

Branches:
Dungeon (3/15)

Altars:

Annotations:
D:1 exclusion: downstairs
D:2 exclusion: downstairs


Innate Abilities, Weirdness & Mutations

You cannot wear most types of armour.
You are amphibious.
You can wear up to eight rings at the same time.
Your skin changes colour to match your surroundings (Stealth+).
Your rubbery body absorbs attacks. (AC +1, EV +1)
((You are camouflaged when in or above water. (Stealth+)))
You have tentacles for arms and can constrict up to eight enemies at once.


Message History

You see here an adder corpse.
The kobold hits you with a +0 dagger. The kobold attacks as you move away!
The kobold closely misses you.
Found a book of Death.
The kobold throws a stone.
The stone hits you but does no damage.
Things that are here:
a +0 dagger; an orc corpse The orc attacks as you move away!
The orc hits you but does no damage.
The kobold throws a stone.
The stone hits you. The orc attacks as you move away!
The orc completely misses you.
You tentacle-slap the orc. Your grab misses the orc.
You tentacle-slap the orc, but do no damage.
The orc is lightly wounded.
The orc closely misses you.
You barely miss the orc. You grab the orc.
The orc is lightly wounded.
You constrict the orc. The orc hits you with a +0 club.
You tentacle-slap the orc. You squeeze the orc, but do no damage.
The orc is almost dead.
You constrict the orc.
You kill the orc!
The kobold throws a stone.
The stone hits you. The kobold hits you but does no damage.
Things that are here:
a +0 club; a ring of flight; a scroll labelled ACAIHI BEBE You barely miss the kobold.
You grab the kobold. You squeeze the kobold.
The kobold is heavily wounded.
You constrict the kobold, but do no damage.
The kobold barely misses you.
You tentacle-slap the kobold but do no damage.
You squeeze the kobold.
You kill the kobold!
You now have 70 gold pieces (gained 8).
Items here: ( )) ††.
A shadow imp comes into view.
Things that are here:
a +0 club; a ring of flight; a scroll labelled ACAIHI BEBE The shadow imp gestures at you.
Pain shoots through your body!
You die...

.# ##.#.....#...#
.# ......#....#
.#
########...#....#
.
....?..<))...####
..
.................
#######..)..#####
#..#5#.#
#..##.#..# #..#
#@##.# .... #.#
.. .#.## #.# #.#
.. #.# :.. ...
#.# ...


You could see a shadow imp.

Vanquished Creatures
  A gnoll (D:2)
  2 adders
  A worm (D:2)
  5 orcs (D:3)
  5 ball pythons
  2 bats
  2 endoplasms
  2 goblins
  3 hobgoblins
  8 kobolds
  2 quokkas
  8 rats
41 creatures vanquished.

Vanquished Creatures (collateral kills)
  2 gnolls (D:2)
  A frilled lizard (D:2)
  A goblin (D:2)
4 creatures vanquished.

Vanquished Creatures (others)
  A gnoll (D:2)
1 creature vanquished.

Grand Total: 46 creatures vanquished

Notes
Turn   | Place    | Note
-------+----------+-------------------------------------------
     0 | D:1      | H0rd4k the Octopode Artificer began the quest for the Orb.
     0 | D:1      | Reached XP level 1. HP: 13/13 MP: 1/1
   291 | D:1      | Reached XP level 2. HP: 18/18 MP: 2/2
   983 | D:2      | Reached XP level 3. HP: 15/23 MP: 3/3
  1121 | D:2      | Reached skill level 4 in Evocations
  1517 | D:2      | Reached XP level 4. HP: 28/28 MP: 4/4
  1667 | D:3      | Reached skill level 1 in Unarmed Combat
  1949 | D:3      | Killed from afar by a shadow imp

Illustrated notes

Levels and vault maps discovered:
D:1:      psy_arrival_basics, layout_basic, roderic_lattice_a, chequers_jeans
D:2:      layout_basic
D:3:      layout_rooms, mainiacjoe_overflow_catwalk

Skill      XL: |  1  2  3  4 |
---------------+-------------+-----
Stealth        | 2 3 |  3.1
Evocations     | 4 |  4.0
Unarmed Combat | 1 |  1.2
Dodging        | 3 |  3.0
Fighting       | |  1.8

Action                     |  1- 3 |  4- 6 || total
---------------------------+-------+-------++-------
  Melee: Unarmed           |    73 |    43 ||   116
         Constrict         |    19 |    12 ||    31
         Punch             |     4 |     1 ||     5
         Tentacles         |    15 |    11 ||    26
  Evoke: Wand              |     2 |     1 ||     3
   Stab: Sleeping          |    10 |     2 ||    12
 Armour: Skin              |    10 |     5 ||    15
  Dodge: Dodged            |    53 |    22 ||    75
